 Dungeon Crawl Stone Soup version 0.27-a0-1180-g7fc4abc71e (webtiles) character file.

Game seed: 14771461867017578820

1556 DasRunzen the Slasher (level 8, 0/67 HPs)
             Began as a Demigod Gladiator on May 17, 2021.
             Killed from afar by an orc wizard (8 damage)
             ... with a magic dart
             ... on level 7 of the Dungeon.
             The game lasted 00:11:43 (8428 turns).

DasRunzen the Slasher (Demigod Gladiator)           Turns: 8428, Time: 00:11:43

Health: 0/67       AC:  5    Str: 21    XL:     8   Next: 32%
Magic:  16/16      EV: 13    Int: 18    God:
Gold:   392        SH:  0    Dex: 15    Spells: 11/13 levels left

rFire    . . .     SeeInvis .   a - +2 long sword
rCold    . . .     Faith    .   (no shield)
rNeg     . . .     Spirit   .   b - +0 leather armour
rPois    .         Reflect  .   c - +1 helmet
rElec    .         Harm     .   (no cloak)
rCorr    .         Rampage  .   (no gloves)
Will     .....                  (no boots)
Stlth    +.........             (no amulet)
HPRegen  0.21/turn              l - +6 ring of strength
MPRegen  0.15/turn              (no ring)

@: no status effects
A: high mp 1, forlorn
a: no special abilities


You were on level 7 of the Dungeon.
You visited 1 branch of the dungeon, and saw 7 of its levels.

You collected 392 gold pieces.

Inventory:

Hand Weapons
 a - a +2 long sword (weapon)
 h - a +0 spear of venom
Missiles
 d - 5 throwing nets (quivered)
 e - 6 atropa-tipped darts
Armour
 b - a +0 leather armour (worn)
 c - a +1 helmet (worn)
Jewellery
 l - a +6 ring of strength (left hand)
Wands
 k - a wand of paralysis (5)
Scrolls
 p - a scroll of immolation
Potions
 f - a potion of flight
 g - 2 potions of lignification
 i - a potion of cancellation
 m - a potion of invisibility {unknown}
 n - 2 potions of heal wounds {unknown}


   Skills:
 + Level 4.3 Fighting
 + Level 5.0 Long Blades
 - Level 1.7 Throwing
 + Level 3.9 Armour
 + Level 4.8 Dodging
 + Level 3.1 Spellcasting
 + Level 3.5 Translocations


You had 11 spell levels left.
You knew the following spells:

 Your Spells              Type           Power      Damage    Failure   Level
a - Blink                 Tloc           N/A        N/A       6%          2

Your spell library contained the following spells:

 Spells                   Type           Power      Damage    Failure   Level
 Animate Skeleton         Necr           4%         N/A       19%         1
 Freeze                   Ice            8%         1d3       19%         1
 Magic Dart               Conj           8%         1d3       19%         1
 Pain                     Necr           8%         1d4       19%         1
 Call Imp                 Summ           2%         N/A       28%         2
 Slow                     Hex            2%         N/A       28%         2
 Conjure Flame            Conj/Fire      2%         6-21      50%         3
 Frozen Ramparts          Ice            4%         1d2       50%         3
 Mephitic Cloud           Conj/Pois/Air  2%         N/A       50%         3
 Ozocubu's Armour         Ice            2%         N/A       50%         3
 Vampiric Draining        Necr           1%         2d6       50%         3
 Animate Dead             Necr           1%         N/A       88%         4
 Hailstorm                Conj/Ice       2%         3d3       88%         4
 Agony                    Necr           2%         N/A       99%         5
 Metabolic Englaciation   Hex/Ice        1%         N/A       99%         5


Dungeon Overview and Level Annotations

Branches:
Dungeon (7/15)             Temple (0/1) D:6

Shops:
D:1 (   D:4 (


Innate Abilities, Weirdness & Mutations

Your attributes grow dramatically as you level up.
You have an increased reservoir of magic. (+10% MP)
You shall have no god before yourself.


Message History

The orc wizard hits you with a +3 dagger!
* * * LOW HITPOINT WARNING * * *
Unknown command.
The orc misses you.
The orc wizard casts a spell at itself.
The orc wizard flickers and vanishes!
You barely miss the orc. The orc hits you but does no damage.
You slash something!
You hear some strange, mumbled words.
A magic dart appears from out of thin air!
The magic dart hits you.
* * * LOW HITPOINT WARNING * * *
You closely miss something. Something hits you.
* * * LOW HITPOINT WARNING * * *
You hit something but do no damage.
You hear some strange, mumbled words.
A magic dart appears from out of thin air!
The magic dart hits you.
* * * LOW HITPOINT WARNING * * *
As you read the scroll of teleportation, it crumbles to dust.
You feel strangely unstable. Something hits you but does no damage.
The orc priest casts a cantrip, but nothing happens.
You hit something.
Reactivating autopickup.
You feel a bit more experienced.
Your surroundings suddenly seem different.
You start resting.
Magic restored.
You start resting.
There is a strange disturbance nearby!
Okay, then.
You hear a shout! x4
You hear a shout!
A puff of flame appears from out of thin air!
Deactivating autopickup; reactivate with Ctrl-A.
The puff of flame hits you.
* * * LOW HITPOINT WARNING * * *
A magic dart appears from out of thin air!
The magic dart hits you!
You die...

#........
########....#
.......#....#.##
......{)oo.......
######.##.#...###
.......##.#...#
.########.# .... .#
#.. ...#..#######
.###.###..#...{.@..#
..............######
.###.#.#....#.#
.###...#.......
...........#
.!.........#
########รท..#
#........#
#.##.....#


There were no monsters in sight!

Vanquished Creatures
  A steam dragon (D:7)
  An ice beast (D:6)
  A black bear (D:6)
  2 ogres
  A necrophage (D:6)
  3 scorpions
  2 water moccasin skeletons (D:4)
  A howler monkey (D:5)
  A centaur zombie (D:6)
  A jelly (D:4)
  4 bullfrog skeletons
  A hound (D:6)
  A gnoll shaman (D:4)
  3 iguanas
  3 orc wizards
  A hound skeleton (D:4)
  A howler monkey skeleton (D:6)
  5 adders
  11 gnolls
  A shadow imp (D:6)
  An adder skeleton (D:4)
  3 worms
  3 dart slugs
  8 orcs
  3 ball pythons
  12 bats
  6 endoplasms
  3 giant cockroaches
  6 goblins
  5 hobgoblins
  7 jackals
  5 quokkas
  4 frilled lizards
  6 kobolds
  6 rats
123 creatures vanquished.

Vanquished Creatures (others)
  16 plants (D:4)
16 creatures vanquished.

Grand Total: 139 creatures vanquished

Notes
Turn   | Place    | Note
-------+----------+-------------------------------------------
     0 | D:1      | DasRunzen the Demigod Gladiator began the quest for the
                  | Orb.
     0 | D:1      | Reached XP level 1. HP: 17/17 MP: 3/3
   203 | D:1      | Found Ossojif's Antique Weapon Shop.
   392 | D:1      | Reached XP level 2. HP: 17/24 MP: 4/4
   827 | D:1      | Reached skill level 3 in Long Blades
  1087 | D:1      | Reached skill level 1 in Armour
  1425 | D:2      | Reached XP level 3. HP: 28/29 MP: 5/5
  1468 | D:2      | Learned a level 2 spell: Blink
  1927 | D:2      | Reached XP level 4. HP: 37/37 MP: 7/7
  2035 | D:2      | Reached skill level 1 in Translocations
  2772 | D:3      | Reached skill level 1 in Spellcasting
  3190 | D:3      | Reached XP level 5. HP: 42/42 MP: 9/9
  3880 | D:4      | Noticed an ogre
  3890 | D:4      | Killed an ogre
  3891 | D:4      | Reached XP level 6. HP: 51/51 MP: 11/11
  3978 | D:5      | Entered Level 5 of the Dungeon
  4716 | D:5      | Reached skill level 4 in Long Blades
  5484 | D:4      | Reached XP level 7. HP: 35/57 MP: 11/13
  5660 | D:4      | Found Jaleukuc's Weapon Shop.
  5673 | D:4      | Identified the +2 chain mail of Slovenliness {rC+ Stlth+}
  7439 | D:6      | Reached XP level 8. HP: 54/66 MP: 15/15
  7973 | D:6      | Found a staircase to the Ecumenical Temple.
  8103 | D:7      | Reached skill level 5 in Long Blades
  8428 | D:7      | Killed from afar by an orc wizard

Illustrated notes

Levels and vault maps discovered:
D:1:      grunt_arrival_lava_bath, layout_loops_corners, serial_shops, shop,
          serial_bayou_crossing
D:2:      layout_rooms, hellmonk_ecumenical_altar_arch_garden
D:3:      layout_loops_corners
D:4:      layout_rooms, serial_bayou, serial_bayou_pond_b, serial_bayou_pond_a,
          serial_bayou_pond_b, serial_bayou_lagoon_a, serial_bayou_pond_e,
          serial_shops, shop, eino_small_chamber_without_monster
D:5:      layout_rooms, lemuel_coloured_pillars_altar
D:6:      layout_basic, minmay_temple_entry_statues_pillars
D:7:      layout_basic, minmay_overflow_temple_star_quad, uniq_duvessa,
          uniq_joseph, uniq_pikel

Skill      XL: |  1  2  3  4  5  6  7  8 |
---------------+-------------------------+-----
Fighting       | 2 3 4 |  4.3
Long Blades    | 3 4 5 |  5.0
Armour         | 1 2 3 |  3.9
Dodging        | 3 4 |  4.8
Translocations | 1 2 3 |  3.5
Spellcasting   | 1 2 3 |  3.1
Throwing       | |  1.7

Action                   |  1- 3 |  4- 6 |  7- 9 || total
-------------------------+-------+-------+-------++-------
Melee: Long sword        |   115 |   194 |   179 ||   488
Evoke: Wand              |       |     2 |       ||     2
  Use: Scroll            |     3 |     2 |    10 ||    15
 Stab: Sleeping          |       |     1 |       ||     1
Armor: Leather armour    |    38 |    44 |    64 ||   146
Dodge: Dodged            |   112 |   140 |   157 ||   409
       Rpst.: Long sword |    32 |    54 |    41 ||   127

Table legend: (Time is in decaauts)
 A = Elapsed time spent in this place.
 B = Non-inter-level travel time spent in this place.
 C = Inter-level travel time spent in this place.
 D = Time resting spent in this place.
 E = Time spent auto-exploring this place.
 F = Levels seen in this place.
 G = Mean time per level.
                   A        B        C        D        E       F      G
               +--------+--------+--------+--------+--------+-----+--------+
         Total |   8556 |   8278 |    278 |   2678 |   4335 |   7 | 1222.3 |
       Dungeon |   8556 |   8278 |    278 |   2678 |   4335 |   7 | 1222.3 |
               +--------+--------+--------+--------+--------+-----+--------+

Top non-repeatable levels by time:
     D:4: 1829 daAuts
     D:1: 1646 daAuts
     D:5: 1568 daAuts
     D:6: 1156 daAuts
     D:3: 1123 daAuts
     D:2: 863 daAuts
     D:7: 368 daAuts
